 Dungeon Crawl Stone Soup version 0.19-a0-1091-g463c9de (webtiles) character file.

186 4thArraOfDagon the Slasher (level 5, -8/47 HPs)
             Began as a Minotaur Berserker on Aug 7, 2016.
             Was a Believer of Trog.
             Mangled by an ogre
             ... wielding a cursed -3 giant club
              (12 damage)
             ... on level 4 of the Dungeon.
             The game lasted 00:03:08 (732 turns).

4thArraOfDagon the Slasher (Minotaur Berserker)      Turns: 732, Time: 00:03:09

Health: -8/47      AC: 13    Str: 21    XL:     5   Next: 38%
Magic:  4/4        EV:  7    Int:  5    God:    Trog [**....]
Gold:   67         SH:  0    Dex: 10    Spells: 0 memorised, 4 levels left

rFire  . . .     SeeInvis .     a - +0 falchion
rCold  . . .     Gourm    +     q - +0 plate armour
rNeg   . . .     Faith    .     (no shield)
rPois  .         Spirit   .     (helmet restricted)
rElec  .         Dismiss  .     (no cloak)
rCorr  .         Reflect  .     j - +0 pair of gloves
SustAt .         Harm     .     (no boots)
MR     .....                    d - amulet of the gourmand
Stlth  ..........               (no ring)
                                (no ring)

@:
A: retaliatory headbutt, horns 2
a: Berserk, Trog's Hand, Burn Spellbooks, Renounce Religion


You were on level 4 of the Dungeon.
You worshipped Trog.
Trog was pleased with you.
You were near starving.

You visited 1 branch of the dungeon, and saw 4 of its levels.

You collected 67 gold pieces.

Inventory:

Hand Weapons
 a - a +0 falchion (weapon)
Armour
 b - a +0 animal skin
 j - a +0 pair of gloves (worn)
 q - a +0 plate armour (worn)
Jewellery
 d - an amulet of the gourmand (around neck)
Scrolls
 e - a scroll of immolation {unknown}
 f - 2 scrolls of noise {unknown}
 g - a scroll of magic mapping {unknown}
 h - 2 scrolls of teleportation {unknown}
 i - 2 scrolls of recharging {unknown}
 m - a scroll of identify {unknown}
 n - a scroll of remove curse {unknown}
Potions
 k - a potion of might {unknown}
 o - a potion of ambrosia
 p - a potion of agility {unknown}
Comestibles
 c - 2 bread rations


   Skills:
 + Level 4.6 Fighting
 * Level 5.9 Long Blades
 + Level 4.1 Armour
 - Level 2.1 Dodging


You had 4 spell levels left.
You didn't know any spells.

Dungeon Overview and Level Annotations

Branches:
Dungeon (4/15)
 Temple: D:4-7

Altars:
Elyvilon
Pakellas
Sif Muna


Innate Abilities, Weirdness & Mutations

You reflexively headbutt those who attack you in melee.
You have a pair of horns on your head.


Message History

You riposte.
You barely miss the ogre.
The ogre is severely wounded.
Unknown command.
You hit the ogre.
The ogre is severely wounded.
Unknown command.
You barely miss the ogre.
The ogre is severely wounded.
The ogre hits you with a giant club.
Unknown command.
You hit the ogre.
The ogre is almost dead.
The ogre hits you with a giant club!
* * * LOW HITPOINT WARNING * * *
Unknown command.
Unknown command.
You closely miss the ogre. You headbutt the ogre.
The ogre is almost dead.
The ogre hits you with a giant club!
You die...

## #. +.⌠. #.##. # #PP.
.....##. #.P. ......#.#
######..
.#.....#.#########....#.#
8......##................
#..>..#.#########.######
.....#O######## #.#
#.<.@....... ..#
#....#########.# #.$.##
#.# ....## #.# ##.#. ..#
#... #..# ##.


You could see an ogre.

Vanquished Creatures
  An ogre (D:4)
  A howler monkey (D:4)
  An orc wizard (D:4)
  An adder (D:4)
  An adder skeleton (D:4)
  A giant gecko (D:4)
  2 orcs (D:4)
  A ball python (D:1)
  4 bats
  A giant cockroach (D:2)
  A hobgoblin (D:1)
  4 kobolds
  A giant newt (D:2)
  4 rats (D:2)
24 creatures vanquished.

Notes
Turn   | Place    | Note
-------+----------+-------------------------------------------
     0 | D:1      | 4thArraOfDagon the Minotaur Berserker began the quest for the Orb.
     0 | D:1      | Reached XP level 1. HP: 19/19 MP: 0/0
   202 | D:1      | You fall through a shaft!
   215 | D:2      | Reached XP level 2. HP: 9/27 MP: 1/1
   286 | D:2      | Reached skill level 4 in Long Blades
   324 | D:2      | nice lab
   532 | D:4      | Reached XP level 3. HP: 19/33 MP: 2/2
   578 | D:4      | Noticed an ogre
   630 | D:4      | Killed an ogre
   630 | D:4      | Reached ** piety under Trog
   630 | D:4      | Reached skill level 5 in Long Blades
   630 | D:4      | Reached XP level 4. HP: 30/41 MP: 3/3
   630 | D:4      | Reached XP level 5. HP: 35/47 MP: 4/4
   680 | D:4      | fucki lab
   691 | D:4      | Found a white marble altar of Elyvilon.
   691 | D:4      | Found an oddly glowing altar of Pakellas.
   691 | D:4      | Found a deep blue altar of Sif Muna.
   723 | D:4      | Noticed an ogre
   732 | D:4      | Mangled by an ogre

Vault maps used:
D:1:      eino_arrival_water_star, minmay_misc_feat_diagonals
D:2:      first_bread, dk_vineyard_1
D:3:      nicolae_overflow_hidden_temple, serial_forest,
          infiniplex_forest_zigzag_1, infiniplex_forest_end_2,
          infiniplex_forest_corner_2, infiniplex_forest_straight_2,
          infiniplex_forest_straight_4, infiniplex_forest_straight_3,
          infiniplex_forest_end_1, minmay_misc_feat_columns
D:4:      kennysheep_mini_moat, gammafunk_temple_overflow_forgotten,
          serial_glass, glass_columns_a, glass_columns_b, uniq_sigmund,
          uniq_edmund

Skill      XL: |  1  2  3  4  5 |
---------------+----------------+-----
Long Blades    | 4 5 |  5.9
Armour         | 3 4 |  4.1
Fighting       | 4 |  4.6
Dodging        | |  2.1

Action                   |  1- 3 |  4- 6 || total
-------------------------+-------+-------++-------
Melee: Falchion          |    54 |    13 ||    67
       Headbutt          |     6 |     5 ||    11
Invok: Berserk           |     2 |       ||     2
  Use: Potion            |     2 |     1 ||     3
Armor: Animal skin       |    12 |       ||    12
       Plate armour      |       |     3 ||     3
Dodge: Dodged            |    38 |     2 ||    40
